AoeStats
← Tanana

African Clearing

506905125Analyzed
4v4 RM · 17d ago on Sep 15, 2026· 23m 54s· 8 players
Game mode
Random Map
Map size
Large (8 player)
Population
200
Speed
Normal
Resources
Standard
Victory
Conquest
Starting age
Dark Age
Ending age
Imperial Age
RankedLock teamsTeams togetherTeam positionsShared explorationLock speedFull tech treeHidden civsTurbo modeCheats
Victory
Defeat
🇺🇾 Teutons · Uruguay
1452
+11
🇦🇷 Burmese · Argentina
1433
+12
🇺🇾 Bulgarians · Uruguay
1366
+15
🇦🇷 Turks · Argentina
1280
+18
🇩🇪 Dravidians · Germany
1388
-16
🇩🇪 Vietnamese · Germany
1326
-14
🇩🇪 Huns · Germany
1325
-13
🇩🇪 Shu · Germany
1323
-13
I still hate Goths
4:46 Loom
13:29 Feudal Age
17:08 Castle Age
15:11 Double-Bit Axe
16:27 Scale Barding Armor
17:55 Husbandry
23:47 Bloodlines
Fürst Zono
4:46 Loom
12:55 Feudal Age
15:14 Fletching
17:07 Double-Bit Axe
25:50 Castle Age
I still love Koreans
3:12 Loom
12:52 Feudal Age
17:49 Castle Age
16:12 Double-Bit Axe
17:26 Fletching
18:00 Padded Archer Armor
20:22 Town Watch
23:14 Crossbowman
Tanana
11:25 Loom
14:10 Feudal Age
18:23 Castle Age
16:47 Double-Bit Axe
19:03 Fletching
20:32 Bodkin Arrow
23:43 Thumb Ring
DGHIR | Lionerrt
3:39 Loom
14:09 Feudal Age
14:47 Double-Bit Axe
14:44 Horse Collar
22:54 Wheelbarrow
23:06 Gold Mining
25:42 Castle Age
DGHIR | Miloss
7:04 Loom
13:26 Feudal Age
15:49 Town Watch
18:53 Castle Age
17:14 Double-Bit Axe
18:17 Horse Collar
19:29 Fletching
Cono | Gatti
12:00 Loom
13:47 Feudal Age
18:37 Castle Age
19:38 Gold Mining
20:42 Padded Archer Armor
DGHIR | Garezo
4:06 Loom
12:32 Feudal Age
13:15 Double-Bit Axe
16:14 Town Watch
22:08 Scale Barding Armor
24:37 Forging
Connection lost

Rejoining the realm…

Still unreachable

The connection could not be restored.

Session expired

The server has moved on; the page needs a fresh start.